 Dungeon Crawl Stone Soup version 0.32-a0-450-g080537f31e (webtiles) character file.

Game seed: 17729719244071271957

35126 ezpacito the Protected (level 13, -1/93 HPs)
             Began as a Demonspawn Chaos Knight on Feb 24, 2024.
             Was a Plaything of Xom.
             Slain by a red ugly thing (9 damage)
             ... on level 13 of the Dungeon.
             The game lasted 00:33:00 (14016 turns).

ezpacito the Protected (Demonspawn Chaos Knight)   Turns: 14016, Time: 00:33:01

Health: -1/93      AC: 21    Str: 24    XL:     13   Next: 45%
Magic:  19/19      EV: 13    Int: 12    God:    Xom [..*...]
Gold:   88         SH:  4    Dex: 17    Spells: 3/21 levels left

rFire   + . .        a - +0 hand axe (chaos)
rCold   . . .        V - +0 buckler
rNeg    . . .        o - +5 scale mail
rPois   +            y - +0 hat {Will+}
rElec   +            t - +0 cloak {rCorr}
rCorr   +            E - +0 pair of gloves
SInv    .            f - +1 pair of boots {Fly}
Will    +....        c - amulet of Udworr {rElec Regen+ Dex+2 Slay+2}
Stlth   ++           j - ring of protection from fire
HPRegen 1.15/turn    i - +6 ring of strength
MPRegen 0.16/turn

%: no passive effects
@: mighty, flying, slowed, studying 2 skills, very slow
A: claws 1, icy blue scales 2, demonic guardian 3, powered by pain 1, poison
resistance, strong 1
a: Renounce Religion


You were on level 13 of the Dungeon.
You worshipped Xom.
You were a toy of Xom.
You visited 2 branches of the dungeon, and saw 15 of its levels.
You also visited: Bailey.

You collected 2028 gold pieces.
You spent 1940 gold pieces at shops.

Inventory:

Hand Weapons
 a - a +0 hand axe of chaos (weapon)
 h - a +4 broad axe of electrocution
 p - a +0 battleaxe
Missiles
 u - 33 poisoned darts (quivered)
 v - 9 boomerangs
 M - 2 curare-tipped darts
 T - 12 javelins
 W - 2 throwing nets
Armour
 f - a +1 pair of boots of flying (worn)
 o - a +5 scale mail (worn)
 t - a +0 cloak of preservation (worn)
 y - a +0 hat of willpower (worn)
 E - a +0 pair of gloves (worn)
 V - a +0 buckler (worn)
Jewellery
 c - the amulet of Udworr (around neck) {rElec Regen+ Dex+2 Slay+2}
   (You acquired it on level 5 of the Dungeon)

   [amulet of regeneration]

   Dex+2:     It affects your dexterity (+2).
   Slay+2:    It affects your accuracy & damage with ranged weapons and melee
   (+2).
   rElec:     It insulates you from electricity.
   Regen+:    It increases your rate of health regeneration.
 i - a +6 ring of strength (right hand)
 j - a ring of protection from fire (left hand)
 l - a ring of flight
 s - the ring of Bar Baes {+Blink rPois rCorr Int+3}
   (You found it on level 9 of the Dungeon)

   [ring of resist corrosion]

   Int+3:     It affects your intelligence (+3).
   rPois:     It protects you from poison +Blink: It lets you blink.
   rCorr:     It protects you from acid and corrosion.
 D - a ring of resist corrosion
Talismans
 z - a granite talisman
Wands
 d - a wand of polymorph (15)
 m - a wand of flame (37)
 C - a wand of charming (20)
 H - a wand of mindburst (16)
 I - a wand of quicksilver (1)
 J - a wand of digging (3)
Scrolls
 g - a scroll of fog
 k - 2 scrolls of amnesia
 q - a scroll of silence
 r - 2 scrolls of vulnerability
 B - a scroll of revelation
 N - a scroll of immolation
 U - a scroll of torment
 Y - 3 scrolls of identify
Potions
 b - 2 potions of attraction
 n - 5 potions of lignification
 x - 3 potions of mutation
 A - 3 potions of enlightenment
 G - 2 potions of resistance
 R - a potion of magic
 X - a potion of might
Miscellaneous
 F - a phantom mirror (inert)
 L - a phial of floods (inert)
 Z - a tin of tremorstones (1/2)


   Skills:
 + Level 6.2 Fighting
 * Level 7.6(8.2) Axes
 + Level 4.5(6.7) Polearms
 + Level 4.2 Throwing
 * Level 8.8 Armour
 * Level 7.1 Dodging
 + Level 5.5 Stealth
 + Level 4.7 Unarmed Combat
 + Level 4.6 Spellcasting
 + Level 2.0 Conjurations
 * Level 7.1 Hexes
 * Level 7.7 Necromancy
 + Level 2.0 Ice Magic
 + Level 4.3 Air Magic
 + Level 5.0 Alchemy
 + Level 4.6 Evocations
 + Level 4.1 Shapeshifting


You had 3 spell levels left.
You knew the following spells:

 Your Spells              Type           Power      Damage    Failure   Level
a - Mercury Vapours       Alch/Air       28%        N/A       12%         2
b - Anguish               Hex/Necr       10%        N/A       26%         4
c - Mephitic Cloud        Conj/Alch/Air  11%        N/A       34%         3
d - Cause Fear            Hex            9%         N/A       30%         4
e - Freezing Cloud        Conj/Ice/Air   4%         6-21      99%         5

Your spell library contained the following spells:

 Spells                   Type           Power      Damage    Failure   Level
 Fugue of the Fallen      Necr           21%        N/A       7%          3
 Cigotuvi's Dreadful Rot  Necr/Alch/Air  32%        N/A       9%          2
 Shock                    Conj/Air       40%        1d5       16%         1
 Swiftness                Air            13%        N/A       28%         3
 Ozocubu's Armour         Ice            7%         N/A       58%         3
 Lesser Beckoning         Tloc           4%         N/A       65%         2
 Gell's Gravitas          Tloc           2%         N/A       86%         3
 Teleport Other           Tloc           2%         N/A       86%         3
 Volatile Blastmotes      Fire/Tloc      4%         2d10      86%         3
 Airstrike                Air            6%         2d(1-17)  67%         4
 Fulminant Prism          Conj/Alch      5%         3d6       78%         4
 Summon Lightning Spire   Summ/Air       7%         N/A       93%         4
 Vhi's Electric Charge    Tloc/Air       14%        N/A       93%         4
 Iskenderun's Mystic Bla  Conj/Tloc      5%         2d3       98%         4
 Manifold Assault         Tloc           2%         N/A       99%         4
 Arcjolt                  Conj/Air       5%         1d15      99%         5
 Fireball                 Conj/Fire      2%         3d4       100%        5
 Plasma Beam              Fire/Air       3%         2x1d13    100%        6
 Enfeeble                 Hex            9%         N/A       100%        7
 Maxwell's Capacitive Co  Air            6%         ∞         100%        8
 Dragon's Call            Summ           1%         N/A       100%        9


Dungeon Overview and Level Annotations

Branches:
Dungeon (14/15)            Temple (1/1) D:6            Lair (0/5) D:10
    Orc (0/2) D:10         Bailey (visited)
 Vaults: D:13-14

Altars:
Ashenzari
Cheibriados
Dithmenos
Fedhas
Gozag
Hepliaklqana
Kikubaaqudgha
Makhleb
Nemelex Xobeh
Okawaru
Qazlal
Ru
Sif Muna
Trog
Uskayaw
Vehumet
Wu Jian
Xom
Yredelemnul

Shops:
D:1 :

Annotations:
D:7 2 runed translucent doors
D:10 1 transporter, Strat's ghost, journeyman MDFi


Innate Abilities, Weirdness & Mutations

You have sharp fingernails.
You are mostly covered in icy blue scales. (AC +3)
A powerful demonic guardian rushes to your aid.
You sometimes gain a little power by taking damage.
Your system is resistant to poisons. (rPois)
Your muscles are strong. (Str +4, Int/Dex -1)


Message History

The meliai stings you but does no damage.
You closely miss the meliai.
The meliai is heavily wounded.
You barely miss the wraith. You hit the red ugly thing.
The red ugly thing seems to speed up.
The red ugly thing claws you but does no damage.
The meliai hits you with a +0 war axe. You block the meliai's attack.
The red ugly thing claws you but does no damage.
You block the wraith's attack. The meliai hits you with a +0 war axe.
The meliai closely misses you.
You hit the meliai. You burn the meliai.
The meliai is heavily wounded.
You slash the red ugly thing! You burn the red ugly thing.
You hit the wraith but do no damage.
The meliai mumbles some strange prayers to its god against you.
Something smites you!
* * * LOW HITPOINT WARNING * * *
The red ugly thing claws you but does no damage.
Okay, then.
Aiming: Mindburst
Press: ? - help, Shift-Dir - straight line, f - meliai
Aim: a meliai, wielding a +0 war axe and wearing a +0 robe (heavily wounded, chance to affect: 81%)
The meliai's mind is blasted!!
You blow up the meliai!
You almost hear Xom's maniacal laughter.
Your hat leaps into the air, briefly spins, then lands back on your head!
The red ugly thing claws you but does no damage.
The wraith hits you.
* * * LOW HITPOINT WARNING * * *
The wraith drains your vigour!
You feel yourself slow down. The red ugly thing misses you.
Your Ice Magic skill increases to level 2!
You slash the red ugly thing! You freeze the red ugly thing!
The red ugly thing is severely wounded.
You hit the wraith. You burn the wraith. The wraith closely misses you.
The red ugly thing claws you!
* * * LOW HITPOINT WARNING * * *
You are engulfed in flames!
You resist.
You die...
Xom cackles wildly!

.....# #.# #.#§##§# ###.#
.....####.# #§#§§§§#
#..(# ####....#.#
#§#########.###
#####.#.#####.# #......#
#§§...........####.######
#§###......#####)†.# #.#
###.##..####.### #.#
###§###...##.# # #.#
#..§# ###)@W[# # #[#
#..§# ##u### ###§# #..§#
#.# .##§# #..§# #.# .##§#
#..§# #.# .##§# ###§# #.#
###§### #§######.#
....Z.# #§§§§§§..#
###.#§# ##########


You could see a red ugly thing (fast, very poisoned) and a wraith.

Vanquished Creatures
  An entropy weaver (shapeshifter) (D:13)
  5 vault guards
  A two-headed ogre (D:10)
  A deep troll (D:10)
  9 ugly things (D:13)
  A deep elf pyromancer (D:12)
  2 cyclopes
  2 manticores
  A meliai (D:13)
  Maurice (D:8)
  A gargoyle (D:12)
  A freezing wraith (D:14)
  2 tengu conjurers (D:13)
  A komodo dragon (D:10)
  The ghost of CougarLife the Digger, a novice GrEE (D:5)
  4 trolls
  A hornet (D:10)
  Prince Ribbit (Bailey)
  2 shadows
  A wyvern (shapeshifter) (D:9)
  12 yaks
  A wyvern (D:9)
  5 wraiths
  A basilisk (D:13)
  2 humans (Bailey)
  6 vampire mosquitoes
  A hog (shapeshifter) (D:13)
  4 steam dragons
  Menkaure (D:6)
  An acid dragon (D:13)
  A tengu zombie (D:13)
  4 water moccasins
  Duvessa (D:6)
  A sky beast (D:7)
  An orc warrior (D:7)
  An ice beast (shapeshifter) (D:5)
  An ogre (D:7)
  A lemure (D:5)
  3 kobold brigands
  3 centaurs
  2 phantoms (D:7)
  13 bullfrogs
  2 gnoll sergeants
  3 scorpions
  5 wights (D:7)
  Dowan (D:6)
  9 killer bees
  10 howler monkeys
  5 electric eels (D:13)
  3 bombardier beetles
  3 crimson imps (D:11)
  4 hounds
  Crazy Yiuf (D:6)
  A gnoll bouda (D:7)
  2 orc priests
  5 iguanas
  4 jellies
  A sleepcap (D:5)
  Terence (D:2)
  6 orc wizards
  12 gnolls
  A river rat (D:6)
  10 adders
  2 shadow imps
  5 white imps
  4 dart slugs
  3 ribbon worms
  22 orcs
  10 ball pythons
  5 endoplasms
  7 giant cockroaches
  14 goblins
  11 hobgoblins
  2 jackals (D:2)
  22 kobolds
  3 quokkas
  7 bats
  2 frilled lizards
  8 rats
321 creatures vanquished.

Vanquished Creatures (collateral kills)
  Gastronok (D:9)
  A vault guard (D:13)
  A centaur warrior (D:11)
  A boulder beetle (D:13)
  3 tengu warriors (D:13)
  2 two-headed ogres
  4 ugly things
  A water nymph (D:13)
  2 gargoyles
  A queen bee (shapeshifter) (D:13)
  3 trolls
  Grinder (D:5)
  A water elemental (D:13)
  2 shadows
  A wraith (D:10)
  A wyvern (D:8)
  A vampire mosquito (D:7)
  4 orc warriors
  2 ogres
  2 kobold brigands
  2 gnoll sergeants (D:10)
  4 wights (D:7)
  A howler monkey (D:13)
  A bombardier beetle (D:5)
  A crimson imp (D:11)
  A hound (D:4)
  A jelly (D:7)
  An orc wizard (D:8)
  4 gnolls
  2 white imps (D:11)
  2 orcs
  A ball python (D:3)
  An endoplasm (D:2)
  2 goblins (D:7)
  A hobgoblin (D:4)
  A kobold (D:5)
61 creatures vanquished.

Vanquished Creatures (others)
  A gargoyle (D:11)
  A troll (D:10)
  A lemure (D:5)
  A hound zombie (D:4)
  A gnoll (D:7)
  2 orc zombies
  An orc (D:5)
  A ball python (D:4)
  9 kobolds (D:5)
18 creatures vanquished.

Grand Total: 400 creatures vanquished

Notes
Turn   | Place    | Note
-------+----------+-------------------------------------------
     0 | D:1      | ezpacito the Demonspawn Chaos Knight began the quest for
                  | the Orb.
     0 | D:1      | Reached XP level 1. HP: 18/18 MP: 1/1
    26 | D:1      | Reached skill level 1 in Dodging
    26 | D:1      | Gained mutation: You are partially covered in icy blue
                  | scales. (AC +2) [demonic ancestry]
    26 | D:1      | Reached XP level 2. HP: 21/24 MP: 2/2
   108 | D:1      | XOM: silly message
   161 | D:1      | Reached skill level 2 in Armour
   361 | D:1      | XOM: divination: detect creatures
   365 | D:1      | Gained mutation: A weak demonic guardian rushes to your
                  | aid. [demonic ancestry]
   365 | D:1      | Reached XP level 3. HP: 24/29 MP: 3/3
   614 | D:1      | XOM: scenery: 1 doors close
   621 | D:1      | Found Suaja's Book Shoppe.
   632 | D:1      | XOM: enchant monster (good)
   733 | D:1      | XOM: god gift: glowing clear potion {god gift}
  1100 | D:2      | Learned a level 2 spell: Mercury Vapours
  1148 | D:2      | XOM: scenery: create altars
  1414 | D:2      | Reached XP level 4. HP: 28/35 MP: 5/5
  1475 | D:2      | XOM: cloud trail
  1622 | D:2      | Reached skill level 1 in Stealth
  1677 | D:2      | Noticed Terence
  1687 | D:2      | XOM: fog
  1689 | D:2      | Killed Terence
  1690 | D:2      | Reached skill level 1 in Unarmed Combat
  2020 | D:2      | Reached skill level 1 in Spellcasting
  2066 | D:2      | Gained mutation: A demonic guardian rushes to your aid.
                  | [demonic ancestry]
  2066 | D:2      | Reached XP level 5. HP: 41/41 MP: 6/6
  2198 | D:2      | XOM: scenery: 1 doors close
  2515 | D:3      | XOM: swap monsters
  2538 | D:3      | XOM: 7-stop teleportation journey
  2950 | D:3      | XOM: summons 3 friendly demons
  3142 | D:4      | Reached skill level 1 in Polearms
  3147 | D:4      | Reached skill level 1 in Alchemy
  3147 | D:4      | Gained mutation: You sometimes gain a little power by
                  | taking damage. [demonic ancestry]
  3147 | D:4      | Reached XP level 6. HP: 44/47 MP: 6/8
  3154 | D:4      | XOM: divine lightning
  3168 | D:4      | Learned a level 4 spell: Anguish
  3338 | D:4      | XOM: divination: detect creatures
  3444 | D:4      | Found a sparkling altar of Nemelex Xobeh.
  3470 | D:4      | Reached skill level 3 in Armour
  4052 | D:5      | Entered Level 5 of the Dungeon
  4103 | D:5      | Found a transporter.
  4103 | D:5      | Noticed CougarLife's ghost (novice GrEE)
  4156 | D:5      | Noticed Grinder
  4167 | D:5      | Paralysed by Grinder for 2 turns
  4170 | D:5      | XOM: smoke on damage
  4170 | D:5      | XOM: torment (25/47 hp)
  4184 | D:5      | Killed Grinder
  4185 | D:5      | Reached skill level 1 in Hexes
  4185 | D:5      | Reached skill level 1 in Necromancy
  4185 | D:5      | Gained mutation: You are mostly covered in icy blue scales.
                  | (AC +3) [demonic ancestry]
  4185 | D:5      | Reached XP level 7. HP: 16/52 MP: 9/9
  4369 | D:5      | XOM: scenery: create altars
  4382 | D:5      | XOM: destruction
  4582 | D:5      | XOM: 4-stop teleportation journey
  4787 | D:5      | Reached skill level 1 in Throwing
  4801 | D:5      | Noticed Pikel
  4817 | D:5      | Reached skill level 1 in Air Magic
  4819 | D:5      | Pikel changed into Pikel the ribbon worm
  4819 | D:5      | Noticed Pikel
  4824 | D:5      | Killed Pikel the ribbon worm
  4849 | D:5      | Reached XP level 8. HP: 19/60 MP: 10/10
  5052 | D:5      | Noticed Sigmund
  5056 | D:5      | Sigmund changed into Sigmund the shapeshifter
  5056 | D:5      | Noticed Sigmund (shapeshifter)
  5056 | D:5      | XOM: polymorph Sigmund -> Sigmund the shapeshifter
  5056 | D:5      | Sigmund the shapeshifter changed into Sigmund the killer
                  | bee
  5059 | D:5      | XOM: summons 5 hostile demons
  5060 | D:5      | Noticed a rust devil
  5060 | D:5      | Noticed a rust devil
  5063 | D:5      | Identified a scroll of acquirement
  5063 | D:5      | Acquired the amulet of Udworr {rElec Regen+ Dex+2 Slay+2}
  5176 | D:5      | XOM: give mutations
  5176 | D:5      | Gained mutation: Your system is resistant to poisons.
                  | (rPois) [Xom's mischief]
  5176 | D:5      | Gained mutation: Your muscles are strong. (Str +4, Int/Dex
                  | -1) [Xom's mischief]
  5232 | D:5      | Reached skill level 1 in Evocations
  5322 | D:5      | Found a transporter.
  5364 | D:5      | XOM: stat loss: -1 Dex (12/14)
  5587 | D:5      | XOM: summons 4 hostile demons
  5588 | D:5      | Noticed a sun demon
  5649 | D:5      | XOM: summons 1 hostile demon
  5773 | D:6      | Found a staircase to the Ecumenical Temple.
  5796 | Temple   | Entered the Ecumenical Temple
  5796 | Temple   | XOM: torment (31/60 hp)
  5848 | D:6      | XOM: silly message
  5859 | D:6      | Noticed Maggie
  5866 | D:6      | Reached skill level 1 in Shapeshifting
  5867 | D:6      | Maggie changed into Maggie the gnoll
  5867 | D:6      | Noticed Maggie
  5867 | D:6      | XOM: polymorph Maggie -> Maggie the gnoll
  5872 | D:6      | Killed Maggie the gnoll
  5916 | D:6      | Found a shimmering altar of Xom.
  5916 | D:6      | Found a burning altar of Makhleb.
  5928 | D:6      | Found an ornate altar of the Wu Jian Council.
  5931 | D:6      | Found a hazy altar of Hepliaklqana.
  5933 | D:6      | Found a blossoming altar of Fedhas.
  5973 | D:6      | Noticed Dowan
  5973 | D:6      | Noticed Duvessa
  5976 | D:6      | Noticed Menkaure
  5977 | D:6      | XOM: butterfly on damage
  5981 | D:6      | Killed Duvessa
  5984 | D:6      | XOM: 3-stop teleportation journey
  5993 | D:6      | Killed Dowan
  5995 | D:6      | Killed Menkaure
  6169 | D:6      | Found a runed translucent door.
  6170 | D:6      | Noticed Crazy Yiuf
  6299 | D:6      | Found a broken altar of Ashenzari.
  6389 | D:6      | Killed Crazy Yiuf
  6448 | D:7      | Found an ancient bone altar of Kikubaaqudgha.
  6478 | D:7      | Found a flagged portal.
  6487 | D:7      | XOM: summons 3 friendly demons
  6492 | D:7      | Reached skill level 4 in Armour
  6537 | Bailey   | Entered a bailey
  6589 | Bailey   | XOM: cleaving
  6594 | Bailey   | XOM: polymorph human -> yak
  6596 | Bailey   | Gained mutation: A powerful demonic guardian rushes to your
                  | aid. [demonic ancestry]
  6596 | Bailey   | Reached XP level 9. HP: 65/65 MP: 12/12
  6606 | Bailey   | XOM: potion effect (haste)
  6633 | Bailey   | Noticed Prince Ribbit
  6633 | Bailey   | Noticed a vault guard
  6645 | Bailey   | Killed a vault guard
  6646 | Bailey   | Reached skill level 5 in Axes
  6659 | Bailey   | Killed Prince Ribbit
  6720 | Bailey   | Noticed a vault guard
  6728 | Bailey   | XOM: torment (31/66 hp)
  6740 | Bailey   | XOM: potion effect (curing)
  6748 | Bailey   | Killed a vault guard
  6749 | Bailey   | Reached XP level 10. HP: 60/73 MP: 14/14
  6926 | D:7      | Found a large runed translucent door.
  6926 | D:7      | Found a large runed translucent door.
  6935 | D:7      | XOM: chaos upgrade
  6938 | D:7      | XOM: enchant monster (good)
  7053 | D:7      | Found a large runed translucent door.
  7053 | D:7      | Found a large runed translucent door.
  7086 | D:7      | XOM: divination: detect items
  7089 | D:7      | Reached skill level 5 in Armour
  7091 | D:7      | XOM: god gift: 55 gold pieces
  7211 | D:7      | XOM: summons 2 friendly demons
  7266 | D:7      | XOM: swap monsters
  7400 | D:7      | Learned a level 3 spell: Mephitic Cloud
  7405 | D:7      | Learned a level 4 spell: Cause Fear
  7568 | D:7      | XOM: enchant monster (bad)
  7586 | D:7      | Identified the staff "Hitoes" {^Drain rElec Int+8 Summ Air}
  7668 | D:7      | XOM: scenery: 2 doors open
  7711 | D:8      | Identified the +0 leather armour of the Loofah {Rampage
                  | Str+3 Int+4}
  7767 | D:8      | Noticed Maurice
  7780 | D:8      | Something stole a +3 war axe
  7781 | D:8      | Something stole 24 poisoned darts
  7792 | D:8      | Something stole a phial of floods
  7793 | D:8      | Killed Maurice
  7794 | D:8      | Reached skill level 5 in Dodging
  7794 | D:8      | Reached skill level 5 in Necromancy
  7863 | D:8      | XOM: god gift: 28 gold pieces
  7929 | D:8      | Reached XP level 11. HP: 76/78 MP: 14/16
  8010 | D:8      | XOM: potion effect (haste)
  8013 | D:8      | XOM: god gift: 29 gold pieces
  8078 | D:8      | Reached skill level 5 in Fighting
  8095 | D:8      | Reached skill level 5 in Hexes
  8272 | D:8      | XOM: 1-stop teleportation journey
  8456 | D:8      | XOM: noise
  8557 | D:9      | Noticed Erolcha
  8557 | D:9      | XOM: 2-stop teleportation journey
  8565 | D:9      | Erolcha changed into Erolcha the glowing shapeshifter
  8565 | D:9      | Noticed Erolcha (glowing shapeshifter)
  8565 | D:9      | XOM: polymorph Erolcha -> Erolcha the glowing shapeshifter
  8566 | D:9      | Erolcha the glowing shapeshifter changed into Erolcha the
                  | wyvern
  8604 | D:9      | Found a basalt altar of Yredelemnul.
  8667 | D:9      | XOM: enchant monster (bad)
  8718 | D:9      | Noticed a two-headed ogre
  8720 | D:9      | XOM: blink monster(s)
  8730 | D:9      | Reached skill level 6 in Armour
  8744 | D:9      | Identified the ring of Bar Baes {+Blink rPois rCorr Int+3}
  8754 | D:9      | Noticed Gastronok
  8764 | D:9      | XOM: potion effect (brilliance)
  8771 | D:9      | Killed Gastronok
  8823 | D:9      | Killed a two-headed ogre
  9037 | D:9      | Found a hide-covered altar of Uskayaw.
  9236 | D:10     | Entered Level 10 of the Dungeon
  9317 | D:10     | XOM: silly message
  9343 | D:10     | Found a staircase to the Lair.
  9396 | D:10     | XOM: noise
  9445 | D:10     | Noticed a two-headed ogre
  9446 | D:10     | Found a transporter.
  9446 | D:10     | Noticed a deep troll
  9447 | D:10     | Noticed Strat's ghost (journeyman MDFi)
  9451 | D:10     | Found a bloodstained altar of Trog.
  9455 | D:10     | Found a transporter.
  9458 | D:10     | Noticed a two-headed ogre
  9586 | D:10     | Found a sacrificial altar of Ru.
  9692 | D:10     | Found a staircase to the Orcish Mines.
  9851 | D:10     | XOM: confuse monster(s)
  9873 | D:10     | Noticed a two-headed ogre
  9880 | D:10     | XOM: noise
  9883 | D:10     | Killed a two-headed ogre
  9900 | D:10     | Reached skill level 7 in Armour
 10032 | D:10     | Killed a deep troll
 10033 | D:10     | Reached XP level 12. HP: 86/86 MP: 17/17
 10038 | D:10     | XOM: cast spell 'Summon Ice Beast'
 10039 | D:10     | XOM: enchant monster (good)
 10041 | D:10     | Killed a two-headed ogre
 10213 | D:5      | XOM: silly message
 10229 | D:5      | Killed CougarLife's ghost
 10404 | D:5      | Learned a level 5 spell: Freezing Cloud
 10600 | D:11     | XOM: potion effect (brilliance)
 10603 | D:11     | XOM: potion effect (heal wounds)
 10865 | D:11     | Noticed a centaur warrior
 10869 | D:11     | XOM: silly message
 10876 | D:11     | Killed a centaur warrior
 10982 | D:11     | XOM: cloud trail
 11069 | D:11     | XOM: silly message
 11514 | D:12     | XOM: potion effect (might)
 11528 | D:12     | XOM: summons friendly iron imp
 11634 | D:12     | Reached skill level 1 in Ice Magic
 11785 | D:12     | XOM: divination: magic mapping
 11806 | D:12     | XOM: god gift: 1009 gold pieces
 12124 | D:1      | Bought a manual of Stealth for 800 gold pieces
 12124 | D:1      | Bought the Almanac of Aeromancy for 160 gold pieces
 12124 | D:1      | Bought a book of Battle for 260 gold pieces
 12124 | D:1      | Bought a book of Blasting for 280 gold pieces
 12124 | D:1      | Bought a book of Displacement for 220 gold pieces
 12124 | D:1      | Bought a book of Air for 220 gold pieces
 12366 | D:13     | Noticed a tengu warrior
 12385 | D:13     | XOM: summons friendly shadow imp
 12391 | D:13     | XOM: potion effect (attraction)
 12394 | D:13     | XOM: summons 3 friendly demons
 12398 | D:13     | Killed a tengu warrior
 12399 | D:13     | Reached skill level 1 in Conjurations
 12624 | D:13     | Noticed a tengu warrior
 12633 | D:13     | XOM: scenery: create altars
 12634 | D:13     | XOM: cleaving
 12650 | D:13     | XOM: enchant monster (good)
 12655 | D:13     | Noticed a boulder beetle
 12661 | D:13     | Killed a tengu warrior
 12662 | D:13     | Reached skill level 8 in Armour
 12679 | D:13     | XOM: fog
 12791 | D:13     | XOM: scenery: create altars
 12802 | D:13     | a boulder beetle changed into a water nymph
 12802 | D:13     | XOM: polymorph boulder beetle -> water nymph
 12950 | D:13     | Noticed a boulder beetle
 12960 | D:13     | XOM: butterfly on damage
 12962 | D:13     | Killed a boulder beetle
 13023 | D:13     | XOM: god gift: tin of tremorstones (2/2)
 13182 | D:13     | XOM: cloud trail
 13202 | D:13     | Identified the +0 ring mail of the Vestibule of Hell
                  | {Int+3}
 13346 | D:13     | XOM: summons 7 hostile demons
 13561 | D:14     | XOM: butterfly on damage
 13629 | D:14     | XOM: summons 6 friendly demons
 13639 | D:14     | XOM: summons 5 friendly demons
 13639 | D:14     | Noticed a tengu warrior
 13659 | D:13     | Reached skill level 5 in Stealth
 13659 | D:13     | Gained mutation: You have sharp fingernails. [demonic
                  | ancestry]
 13659 | D:13     | Reached XP level 13. HP: 41/93 MP: 19/19
 13755 | D:13     | XOM: confuse monster(s)
 13756 | D:13     | XOM: divination: detect items
 13781 | D:13     | XOM: divination: detect items
 13782 | D:13     | XOM: noise
 13812 | D:13     | XOM: noise
 13886 | D:13     | XOM: noise
 13888 | D:13     | XOM: summons friendly quasit
 13970 | D:13     | XOM: potion effect (heal wounds)
 13974 | D:13     | Reached skill level 5 in Alchemy
 14015 | D:13     | XOM: silly message
 14016 | D:13     | Slain by a red ugly thing

Illustrated notes

Levels and vault maps discovered:
D:1:      lightli_arrival_noodles, layout_basic, serial_shops, shop
D:2:      minmay_chambers_of_ones, layout_loops_corners, reono_crystal_passage,
          hangedman_decor_slide_cut, chequers_serial_rivers_small_3,
          amcnicky_mini_pool_small, uniq_terence
D:3:      layout_loops_ring, amcnicky_mini_rare_corridor_liquid,
          minmay_shallow_snake_nest
D:4:      layout_basic, mainiacjoe_overflow_alcove_2, minmay_misc_feat_hallway
D:5:      kennysheep_kobold_camp, layout_loops_ring, gammafunk_ghost_arena,
          minmay_puff, uniq_sigmund, uniq_pikel, uniq_grinder
D:6:      layout_cave_pools, ashenzari_altar_1,
          nicolae_overflow_hallway_of_the_gods, minmay_temple_entry_nine_rooms,
          uniq_maggie, uniq_menkaure, uniq_crazy_yiuf_cottage, uniq_duvessa
D:7:      layout_rooms, lemuel_round_altar, enter_bailey_5,
          minmay_hollow_rounded_squares
D:8:      layout_basic, nicolae_overflow_hidden_temple,
          overflow_temple_1_default, uniq_maurice
D:9:      layout_loops_ring, nicolae_uskayaw_murder_on_the_dancefloor,
          old_standard_altar, uniq_erolcha, uniq_gastronok
D:10:     layout_roguey, kennysheep_mini_moat, david_lair_shrubbed,
          kennysheep_orc_monster_closet_entryway,
          gammafunk_ghost_wrathful_warriors
D:11:     layout_rooms, grunt_decor_clamped, minmay_fire_ice_demons
D:12:     layout_cave_pools
D:13:     layout_basic
D:14:     layout_big_octagon, lightli_vaults_fourway_checkpoint, uniq_josephine
Temple:   nicolae_temple_ecumenical_triangle

Skill      XL: |  1  2  3  4  5  6  7  8  9 10 11 12 13 |
---------------+----------------------------------------+-----
Dodging        | 1 2 3 4 5 6 7 |  7.1
Axes           | 3 4 5 6 7 |  7.6
Armour         | 2 3 4 5 7 8 |  8.8
Stealth        | 1 2 3 4 5 |  5.5
Unarmed Combat | 1 2 3 4 |  4.7
Spellcasting   | 1 2 3 4 |  4.6
Polearms       | 1 2 3 4 |  4.5
Alchemy        | 1 2 3 4 5 |  5.0
Hexes          | 1 2 3 4 5 6 7 |  7.1
Necromancy     | 1 2 4 5 6 7 |  7.7
Throwing       | 1 2 3 4 |  4.2
Air Magic      | 1 2 3 4 |  4.3
Evocations     | 1 2 3 4 |  4.6
Shapeshifting  | 1 2 3 4 |  4.1
Fighting       | 4 5 6 |  6.2
Ice Magic      | 1 2 |  2.0
Conjurations   | 1 2 |  2.0

Action                     |  1- 3 |  4- 6 |  7- 9 | 10-12 | 13-15 || total
---------------------------+-------+-------+-------+-------+-------++-------
  Melee: Hand axe          |   133 |   220 |   268 |  1003 |    82 ||  1706
  Evoke: Wand              |       |       |    11 |     3 |     7 ||    21
         Phial of floods   |       |       |       |     1 |     1 ||     2
         Phantom mirror    |       |       |       |       |     1 ||     1
         Tin of tremorston |       |       |       |       |     1 ||     1
    Use: Scroll            |       |     4 |    16 |    15 |     1 ||    36
         Potion            |       |       |     7 |    11 |     2 ||    20
   Stab: Sleeping          |     1 |       |     1 |     1 |       ||     3
         Paralysed         |       |     1 |     4 |     8 |     1 ||    14
         Confused          |       |     2 |     4 |    20 |     5 ||    31
         Petrified         |       |       |     8 |    22 |       ||    30
         Petrifying        |       |       |       |     2 |       ||     2
         Held in net/web   |       |       |       |     1 |       ||     1
         Distracted        |       |       |       |     4 |     2 ||     6
 Armour: Leather armour    |    93 |    15 |       |       |       ||   108
         Scale mail        |       |   138 |   240 |   817 |   134 ||  1329
  Dodge: Dodged            |    81 |   115 |   166 |   665 |   101 ||  1128
  Block: Buckler           |       |       |       |    95 |    34 ||   129

Table legend: (Time is in decaauts)
 A = Elapsed time spent in this place.
 B = Non-inter-level travel time spent in this place.
 C = Inter-level travel time spent in this place.
 D = Time resting spent in this place.
 E = Time spent auto-exploring this place.
 F = Levels seen in this place.
 G = Mean time per level.
                   A        B        C        D        E       F      G
               +--------+--------+--------+--------+--------+-----+--------+
         Total |  14092 |  12845 |   1247 |   1042 |   8244 |  16 |  880.8 |
       Dungeon |  13692 |  12445 |   1247 |   1005 |   8140 |  14 |  978.0 |
        Temple |     27 |     27 |      0 |     26 |      0 |   1 |   27.0 |
        Bailey |    372 |    372 |      0 |     11 |    103 |   1 |  372.0 |
               +--------+--------+--------+--------+--------+-----+--------+

Top non-repeatable levels by time:
     D:5: 1990 daAuts
    D:13: 1544 daAuts
     D:2: 1388 daAuts
     D:4: 1026 daAuts
    D:10: 1025 daAuts
     D:1: 997 daAuts
    D:11: 969 daAuts
     D:7: 939 daAuts
     D:8: 851 daAuts
     D:3: 824 daAuts
     D:6: 748 daAuts
     D:9: 735 daAuts
    D:12: 535 daAuts
  Bailey: 372 daAuts
    D:14: 117 daAuts
